 Dungeon Crawl Stone Soup version 0.30.0-19-g36f170ea60 (webtiles) character file.

Game seed: 11200043792116805048

20129 croobank the Summoner (level 12, -3/102 HPs)
             Began as a Demigod Summoner on May 28, 2023.
             Slain by a cane toad (5 damage)
             ... on level 3 of the Lair of Beasts.
             The game lasted 01:21:57 (14598 turns).

croobank the Summoner (Demigod Summoner)           Turns: 14598, Time: 01:21:58

Health: -3/102     AC:  8    Str:  9    XL:     12   Next: 14%
Magic:  21/28      EV: 16    Int: 33    God:
Gold:   987        SH:  0    Dex: 14    Spells: 11/26 levels left

rFire   + . .        V - +4 scimitar (flame)
rCold   . . .        (no shield)
rNeg    . . .        I - +0 robe
rPois   .            D - +0 helmet
rElec   .            u - +0 cloak
rCorr   .            (no gloves)
SInv    .            (no boots)
Will    +....        r - amulet of regeneration
Stlth   ++           d - ring of protection from fire
HPRegen 1.17/turn    o - +4 ring of protection
MPRegen 0.21/turn

%: no passive effects
@: invisible
A: high MP 1, forlorn, divine attributes
a: no special abilities


You were on level 3 of the Lair of Beasts.
You visited 2 branches of the dungeon, and saw 13 of its levels.
You also visited: Bailey.

You collected 987 gold pieces.

Inventory:

Hand Weapons
 a - a +0 rapier of flaming
 b - a +2 sling of electrocution
 c - a +0 dagger
 e - a +0 short sword
 C - a +0 vampiric trident
 K - a +2 whip of freezing
 O - a +5 spear of venom
 T - a +4 war axe
 U - a +2 long sword
 V - a +4 scimitar of flaming (weapon)
Missiles
 l - 7 boomerangs
 B - 3 throwing nets (quivered)
 N - 26 poisoned darts
 S - 24 javelins
Armour
 i - a +0 ring mail
 q - a +0 leather armour
 u - a +0 cloak (worn)
 D - a +0 helmet (worn)
 I - a +0 robe (worn)
 R - a +2 plate armour of fire resistance
Magical Staves
 x - a staff of conjuration
 P - a staff of fire
Jewellery
 d - a ring of protection from fire (left hand)
 f - a +6 ring of strength
 o - a +4 ring of protection (right hand)
 r - an amulet of regeneration (around neck)
 t - a ring of resist corrosion
 v - a ring of protection from cold
 w - a +6 ring of strength
 E - a ring of willpower
Wands
 n - a wand of polymorph (7)
 y - a wand of roots (3)
 L - a wand of flame (4)
Scrolls
 h - 5 scrolls of teleportation
 A - 2 scrolls of silence
 H - 3 scrolls of identify
 M - 3 scrolls of butterflies
 Q - a scroll of fog
 W - a scroll of amnesia
Potions
 j - 2 potions of flight
 k - a potion of cancellation
 m - 2 potions of mutation
 p - 3 potions of resistance
 s - a potion of attraction
 z - 4 potions of lignification
 J - 2 potions of magic


   Skills:
 + Level 8.2 Fighting
 + Level 3.2 Long Blades
 + Level 8.4 Dodging
 - Level 2.0 Stealth
 + Level 7.8 Spellcasting
 - Level 5.0 Hexes
 + Level 9.1 Summonings
 - Level 7.0 Air Magic
 - Level 3.0 Poison Magic


You had 11 spell levels left.
You knew the following spells:

 Your Spells              Type           Power      Damage    Failure   Level
a - Summon Small Mammal   Summ           100%       N/A       1%          1
b - Call Imp              Summ           100%       N/A       1%          2
c - Call Canine Familiar  Summ           64%        N/A       1%          3
d - Summon Guardian Gole  Hex/Summ       56%        N/A       1%          3
e - Summon Lightning Spi  Summ/Air       60%        N/A       1%          4
f - Poisonous Vapours     Pois/Air       90%        N/A       1%          2

Your spell library contained the following spells:

 Spells                   Type           Power      Damage    Failure   Level
 Shock                    Conj/Air       100%       1d9       1%          1
 Slow                     Hex            100%       N/A       1%          1
 Necrotise                Necr           48%        1d6       3%          1
 Volatile Blastmotes      Fire/Tloc      24%        2d12      11%         3
 Fulminant Prism          Conj/Hex       14%        3d9       13%         4
 Iskenderun's Mystic Bla  Conj/Tloc      12%        2d5       34%         4
 Summon Hydra             Summ           32%        N/A       58%         7
 Lee's Rapid Deconstruct  Erth           6%         3d6*      69%         5
 Eringya's Noxious Bog    Tmut/Pois      11%        N/A       96%         6


Dungeon Overview and Level Annotations

Branches:
Dungeon (9/15)             Temple (0/1) D:4            Lair (4/5) D:9
 Bailey (visited)
  Swamp: Lair:2-3    Shoals: Lair:2-3     Snake: Lair:2-3    Spider: Lair:2-3
  Slime: Lair:4-5       Orc: D:9-12


Innate Abilities, Weirdness & Mutations

You have an increased reservoir of magic. (+10% MP)
You shall have no god before yourself.
Your divine heritage dramatically boosts your attributes as you level up.


Message History

Something bites your lightning spire but does no damage.
The cane toad stings your lightning spire!
Your lightning spire is destroyed!
Your lightning spire disappears in a puff of smoke!
The cane toad croaks.
Okay, then.
Blink to where?
Press: ? - help, Dir - move target, p - cane toad
As you read the scroll of blinking, it crumbles to dust.
You feel sick.
The yak seems to regain its courage.
Casting: Summon Lightning Spire (mildly dangerous; 1% risk of failure)
Confirm with . or Enter, or press ? or * to list all spells.
You don't know that spell.
Unknown command.
There are monsters nearby!
Unknown command.
Okay, then.
Okay, then.
You fade into invisibility!
You feel sick. The black mamba closely misses you.
The cane toad barely misses you.
Aiming: Fastroot
Press: ? - help, Shift-Dir - straight line, f - you The roots erupt in riotous growth!
Roots grab the black mamba.
Roots grab the cane toad.
Roots grab the yak.
The grasping roots constrict the cane toad!
The grasping roots constrict the black mamba.
The grasping roots constrict the yak.
You feel sick.
You hear an angry hiss.
The black mamba misses you. The yak barely misses you.
The cane toad closely misses you. The black mamba misses you.
The roots release their grip on the cane toad.
The roots release their grip on the black mamba.
The roots release their grip on the yak.
You feel sick.
You are no longer poisoned.
The black mamba barely misses you. The cane toad misses you.
The yak misses you. The black mamba barely misses you.
The cane toad stings you.
You die...

#########
####P#...P..
.#........
###....... .
#.#...#.##.P.
##..S....[.#.
#.#.F@.....P.
#......†Y.......
##..............
#.....>.Y.......
##...#..........
##..##.....#.#.
#.. ##...Y##..
#. ##.... ..


You could see a black mamba (unable to see you), 3 yaks and a cane toad (unable
to see you).

Vanquished Creatures
  A two-headed ogre (D:9)
  A black mamba (Lair:1)
  A cane toad (Lair:4)
  A komodo dragon (Lair:1)
  A rime drake (Lair:2)
  A polar bear (shapeshifter) (D:9)
  2 hornets (D:9)
  3 blink frogs (Lair:1)
  A wyvern (D:9)
  3 yaks
  An orc warrior (Bailey)
  3 centaurs
  3 bullfrogs
  2 wights (D:9)
  5 killer bees
  A jelly (D:7)
  3 orc priests
  An iguana (D:4)
  2 orc wizards
  2 gnolls
  3 adders
  A worm (D:2)
  13 orcs
  3 ball pythons
  6 endoplasms
  A giant cockroach (D:1)
  6 goblins
  3 hobgoblins
  2 jackals (D:1)
  6 kobolds
  5 quokkas
  2 rats (D:1)
89 creatures vanquished.

Vanquished Creatures (collateral kills)
  A two-headed ogre (D:9)
  A centaur warrior (D:9)
  Erica (Lair:2)
  Pikel (D:8)
  A manticore (D:9)
  A black mamba (Lair:1)
  2 cane toads (Lair:1)
  3 komodo dragons
  A kobold demonologist (D:9)
  An efreet (D:9)
  A polar bear (Lair:3)
  Prince Ribbit (D:8)
  6 blink frogs (Lair:1)
  A slime creature (D:9)
  A wyvern (Lair:1)
  A vampire (D:9)
  12 yaks
  4 water moccasins
  Duvessa (D:7)
  4 orc warriors (Bailey)
  A sky beast (D:7)
  An ice beast (D:8)
  3 wolves (Lair:1)
  7 centaurs (Bailey)
  3 ogres (D:5)
  3 lemures (D:8)
  5 kobold brigands
  2 bullfrogs
  A gnoll sergeant (D:8)
  Dowan (D:7)
  9 killer bees
  3 hounds (D:6)
  3 orc priests
  A gnoll bouda (D:9)
  3 iguanas
  4 jellies
  Jessica (D:2)
  An orc wizard (D:7)
  8 gnolls
  10 adders
  2 shadow imps
  A white imp (D:5)
  An ufetubus (D:5)
  3 worms
  A dart slug (D:2)
  33 orcs
  4 endoplasms
  2 giant cockroaches
  3 goblins
  2 hobgoblins
  2 jackals (D:2)
  25 kobolds
  2 quokkas
  4 ball pythons
  A bat (D:1)
  4 frilled lizards
  6 rats
211 creatures vanquished.

Vanquished Creatures (others)
  A hydra (Lair:2)
  The ghost of dddddddddddddddddddd the Fighter, a novice DsBe of Trog (D:6)
  A cane toad (Lair:4)
  7 yaks
  2 water moccasins (Lair:1)
  A black bear (D:4)
  A gnoll sergeant (D:9)
  A bullfrog (Lair:4)
  2 wights (D:9)
  A killer bee (D:9)
  A howler monkey (D:9)
  A gnoll bouda (D:6)
  Ijyb (D:5)
  An orc wizard (D:5)
  6 gnolls
  An adder (D:5)
  2 orcs
  A ball python (D:4)
32 creatures vanquished.

Grand Total: 332 creatures vanquished

Notes
Turn   | Place    | Note
-------+----------+-------------------------------------------
     0 | D:1      | croobank the Demigod Summoner began the quest for the Orb.
     0 | D:1      | Reached XP level 1. HP: 14/14 MP: 5/5
   441 | D:1      | Reached XP level 2. HP: 22/22 MP: 5/7
   444 | D:1      | Learned a level 2 spell: Call Imp
  1014 | D:2      | Reached skill level 1 in Fighting
  1018 | D:2      | Reached XP level 3. HP: 3/28 MP: 3/8
  1263 | D:2      | Learned a level 3 spell: Call Canine Familiar
  1496 | D:2      | Reached skill level 4 in Summonings
  1668 | D:2      | Noticed Jessica
  1682 | D:2      | Killed Jessica
  1683 | D:2      | Reached XP level 4. HP: 24/35 MP: 3/10
  2467 | D:3      | Reached XP level 5. HP: 23/41 MP: 3/11
  2586 | D:3      | Learned a level 3 spell: Summon Guardian Golem
  2819 | D:3      | Reached skill level 1 in Hexes
  4010 | D:4      | Found a staircase to the Ecumenical Temple.
  4015 | D:4      | Noticed a black bear
  4037 | D:4      | Killed a black bear
  4038 | D:4      | Reached XP level 6. HP: 33/50 MP: 4/13
  4909 | D:5      | Entered Level 5 of the Dungeon
  4928 | D:5      | Reached XP level 7. HP: 42/57 MP: 4/15
  5207 | D:5      | Reached skill level 5 in Summonings
  5424 | D:5      | Noticed Ijyb
  5439 | D:5      | Killed Ijyb
  6390 | D:6      | Learned a level 4 spell: Summon Lightning Spire
  6665 | D:6      | Reached XP level 8. HP: 66/66 MP: 17/17
  7296 | D:6      | Found a runed translucent gate.
  7297 | D:6      | Found a runed translucent gate.
  7297 | D:6      | Found a runed translucent gate.
  7299 | D:6      | Noticed dddddddddddddddddddd's ghost (novice DsBe)
  7344 | D:6      | Killed dddddddddddddddddddd's ghost
  7705 | D:7      | Reached skill level 6 in Summonings
  7925 | D:7      | Got Cinoustu's Secrets of the Assistive Stinger
  7936 | D:7      | Reached skill level 5 in Dodging
  7999 | D:7      | Noticed Duvessa
  8003 | D:7      | Noticed Dowan
  8008 | D:7      | Killed Duvessa
  8018 | D:7      | Killed Dowan
  8605 | D:8      | Noticed Prince Ribbit
  8635 | D:8      | Killed Prince Ribbit
  8636 | D:8      | Reached XP level 9. HP: 71/73 MP: 8/19
  8639 | D:8      | Learned a level 2 spell: Poisonous Vapours
  8807 | D:8      | Noticed Pikel
  8826 | D:8      | Killed Pikel
  8827 | D:8      | Reached skill level 5 in Fighting
  8827 | D:8      | Reached skill level 5 in Spellcasting
  8827 | D:8      | Reached skill level 1 in Poison Magic
  9771 | D:8      | Reached skill level 5 in Hexes
  9853 | D:9      | Noticed a two-headed ogre
  9863 | D:9      | Killed a two-headed ogre
  9869 | D:9      | Found a staircase to the Lair.
  9878 | D:9      | Reached XP level 10. HP: 45/83 MP: 2/22
  9939 | D:9      | HP: 4/82 [poisoned by a killer bee]
  9976 | D:9      | Found a flagged portal.
 10071 | Bailey   | Entered a bailey
 10087 | Bailey   | Reached skill level 7 in Summonings
 11267 | D:9      | Noticed a manticore
 11277 | D:9      | Killed a manticore
 11278 | D:9      | Reached skill level 5 in Air Magic
 11289 | D:9      | Paralysed by a hornet for 1 turns
 11350 | D:9      | Noticed a two-headed ogre
 11382 | Lair:1   | Entered Level 1 of the Lair of Beasts
 11533 | Lair:1   | Got Lekif's Induction into Sorcery
 11660 | Lair:1   | Noticed a black mamba
 11673 | Lair:1   | Killed a black mamba
 11763 | Lair:1   | Reached XP level 11. HP: 89/91 MP: 16/24
 11780 | Lair:1   | Reached skill level 8 in Summonings
 12579 | D:9      | Noticed a centaur warrior
 12584 | D:9      | Killed a centaur warrior
 13129 | D:9      | Killed a two-headed ogre
 13243 | D:9      | Reached skill level 1 in Long Blades
 13313 | Lair:2   | Noticed a five-headed hydra
 13324 | Lair:2   | Killed a five-headed hydra
 14345 | Lair:2   | Noticed Erica
 14358 | Lair:2   | Killed Erica
 14421 | Lair:2   | You fall into a shaft and drop 2 floors!
 14434 | Lair:4   | Reached XP level 12. HP: 101/101 MP: 16/27
 14442 | Lair:4   | Reached skill level 9 in Summonings
 14587 | Lair:3   | HP: 2/102 [cane toad (13)]
 14592 | Lair:3   | HP: 2/102 [poisoned by a cane toad]
 14597 | Lair:3   | HP: 2/102 [poisoned by a cane toad]
 14598 | Lair:3   | Slain by a cane toad

Illustrated notes

Levels and vault maps discovered:
D:1:      dpeg_arrival_erosion, layout_loops_ring, ebering_ecumenical_altar_mist
D:2:      layout_loops_ring, kennysheep_jessica_study
D:3:      layout_rooms, eino_curves_04
D:4:      cheibrodos_thug_alley, layout_basic,
          minmay_temple_entry_statues_pillars, interstate_on_off
D:5:      layout_gridville, uniq_ijyb
D:6:      layout_loops_corners, ebering_ghost_rock_garden
D:7:      layout_gridville, grunt_temple_overflow_open, uniq_duvessa
D:8:      layout_basic, jmf_multi_god_temple, serial_park_tiny_1,
          uniq_prince_ribbit1, uniq_pikel
D:9:      hangedman_cross_stitches, layout_basic,
          nicolae_ru_the_path_less_chosen, mainiacjoe_overflow_cross_hatched,
          dpeg_oklobed_lair, enter_bailey_8, kennysheep_generic_room_11
Lair:1:   layout_cave_pods, grunt_megastairs_3
Lair:2:   layout_cave_pods, grunt_megastairs_1, uniq_erica
Lair:3:   layout_gridlike, minmay_shoals_entry_beasts,
          nicolae_spider_entry_non_spiders
Lair:4:   layout_hall_layers

Skill      XL: |  1  2  3  4  5  6  7  8  9 10 11 12 |
---------------+-------------------------------------+-----
Stealth        | 2 |  2.0
Dodging        | 2 3 4 5 6 7 8 |  8.4
Spellcasting   | 2 3 4 5 6 7 |  7.8
Fighting       | 1 2 3 4 5 6 8 |  8.2
Summonings     | 4 5 6 7 8 9 |  9.1
Hexes          | 1 2 3 4 5 |  5.0
Air Magic      | 2 3 5 6 7 |  7.0
Poison Magic   | 2 3 |  3.0
Long Blades    | 2 3 |  3.2

Action                     |  1- 3 |  4- 6 |  7- 9 | 10-12 || total
---------------------------+-------+-------+-------+-------++-------
  Melee: Unarmed           |    10 |       |       |       ||    10
         Dagger            |    70 |   207 |   107 |       ||   384
         Punch             |     2 |     1 |       |     3 ||     6
         Rapier            |       |       |    30 |       ||    30
         Spear             |       |       |    19 |   104 ||   123
         Scimitar          |       |       |       |    28 ||    28
  Throw: Throwing net      |       |       |       |     2 ||     2
   Cast: Summon Small Mamm |    30 |    24 |    26 |    14 ||    94
         Call Imp          |     9 |    17 |    18 |    15 ||    59
         Call Canine Famil |     5 |    21 |    27 |    30 ||    83
         Summon Guardian G |       |     4 |    21 |    24 ||    49
         Summon Lightning  |       |       |    19 |    43 ||    62
         Poisonous Vapours |       |       |     3 |     7 ||    10
  Evoke: Wand              |       |       |       |     7 ||     7
    Use: Scroll            |       |    11 |     5 |    13 ||    29
         Potion            |       |     1 |     1 |     3 ||     5
   Stab: Sleeping          |     5 |     5 |     2 |       ||    12
         Distracted        |       |     1 |     3 |     5 ||     9
 Armour: Robe              |    14 |    70 |    79 |    43 ||   206
         Skin              |     7 |       |       |       ||     7
  Dodge: Dodged            |    52 |   102 |   178 |   174 ||   506
